 Dungeon Crawl Stone Soup version 0.24.0-29-g8ce449bc06 (webtiles) character file.

Game seed: 8459335362186323394, levelgen mode: deterministic

28179 Froggeryz the Bludgeoner (level 13, 0/83 HPs)
             Began as a Gargoyle Gladiator on Nov 16, 2019.
             Was the Champion of Okawaru.
             Slain by a fire crab (8 damage)
             ... on level 6 of the Lair of Beasts.
             The game lasted 00:27:30 (18061 turns).

Froggeryz the Bludgeoner (Gargoyle Gladiator)      Turns: 18061, Time: 00:27:30

Health: 0/83       AC: 26    Str: 19    XL:     13   Next: 37%
Magic:  13/13      EV: 11    Int: 19    God:    Okawaru [******]
Gold:   1032       SH:  7    Dex: 11    Spells: 12/12 levels left

rFire    . . .     SeeInvis .   R - +1 morningstar (crush)
rCold    . . .     Gourm    .   h - +1 buckler {reflect}
rNeg     + . .     Faith    .   E - +1 ring mail of the Desolation of Salt {MR++ Int+3}
rPois    ∞         Spirit   .   b - +2 hat {Int+3}
rElec    +         Reflect  +   H - +0 cloak
rCorr    .         Harm     .   A - +0 pair of gloves
MR       +++..                  (no boots)
Stlth    +.........             (no amulet)
HPRegen  0.23/turn              K - ring of protection from magic
MPRegen  0.13/turn              y - +6 ring of protection

@: no status effects
A: horns 1, negative energy resistance 1, electricity resistance, unbreathing,
evolution 1, petrification resistance, rot immunity, AC +9
a: Heroism, Finesse, Renounce Religion


You were on level 6 of the Lair of Beasts.
You worshipped Okawaru.
Okawaru was exalted by your worship.
You were not hungry.

You visited 3 branches of the dungeon, and saw 16 of its levels.

You collected 1032 gold pieces.

Inventory:

Hand Weapons
 D - a +2 whip of flaming
 R - a +1 morningstar of crushing (weapon)
Missiles
 d - 6 throwing nets
 e - 56 poisoned darts (quivered)
 x - 27 boomerangs
Armour
 b - a +2 hat of intelligence (worn)
 h - a +1 buckler of reflection (worn)
 A - a +0 pair of gloves (worn)
 E - the +1 ring mail of the Desolation of Salt (worn) {MR++ Int+3}
   (You found it on level 5 of the Dungeon)

   It affects your intelligence (+3).
   It affects your resistance to hostile enchantments.
 H - a +0 cloak (worn)
Jewellery
 g - an uncursed ring of fire
 y - a +6 ring of protection (right hand)
 F - a +5 ring of strength
 K - a ring of protection from magic (left hand)
Wands
 q - a wand of flame (26)
 C - a wand of digging (4)
 G - a wand of polymorph (18)
 I - a wand of paralysis (8)
 M - a wand of iceblast (9)
Scrolls
 i - 9 scrolls of remove curse
 j - 11 scrolls of identify
 n - 5 scrolls of fog
 p - 3 scrolls of enchant armour
 t - 3 scrolls of noise
 u - 6 scrolls of teleportation
 v - 3 scrolls of enchant weapon
 z - a scroll of magic mapping
 J - 2 scrolls of immolation
 L - a scroll of vulnerability
Potions
 c - a potion of ambrosia
 k - a potion of brilliance {unknown}
 m - 2 potions of curing
 r - a potion of agility
 s - 9 potions of lignification
 w - 3 potions of degeneration
 N - a potion of magic {unknown}
 O - 2 potions of haste
 P - 2 potions of cancellation {unknown}
Comestibles
 f - 33 rations


   Skills:
 - Level 10.6 Fighting
 - Level 16.2 Maces & Flails
 - Level 1.7 Throwing
 + Level 3.7 Armour
 - Level 2.4 Dodging
 - Level 11.5 Shields


You had 12 spell levels left.
You didn't know any spells.
Your spell library contained the following spells:

 Spells                   Type           Power        Failure   Level  Hunger
 Apportation              Tloc           #.....       34%         1    ##.....
 Beastly Appendage        Tmut           #.....       34%         1    ##.....
 Sandblast                Erth           #.....       34%         1    ##.....
 Summon Butterflies       Summ           #.......     34%         1    ##.....
 Passwall                 Tmut/Erth      #.......     45%         2    ###....
 Sticks to Snakes         Tmut           #.......     45%         2    ###....
 Lesser Beckoning         Tloc           #.........   71%         3    ####...
 Spider Form              Tmut/Pois      #.........   71%         3    ####...
 Stone Arrow              Conj/Erth      #.....       71%         3    ####...
 Tukima's Dance           Hex            #.......     71%         3    ####...
 Ice Form                 Ice/Tmut       #.......     98%         4    #####..
 Petrify                  Tmut/Erth      #.......     98%         4    #####..
 Alistair's Intoxication  Tmut/Pois      #.......     100%        5    ######.
 Blade Hands              Tmut           #.........   100%        5    ######.
 Lee's Rapid Deconstruct  Erth           #.........   100%        5    ######.
 Invisibility             Hex            #.......     100%        6    #######


Dungeon Overview and Level Annotations

Branches:
Dungeon (9/15)             Temple (1/1) D:7            Lair (6/6) D:9
  Swamp (0/4) Lair:2        Snake (0/4) Lair:2        Slime (0/5) Lair:6
    Orc: D:9-12

Altars:
Cheibriados
Dithmenos
Elyvilon
Fedhas
Gozag
Hepliaklqana
Kikubaaqudgha
Makhleb
Okawaru
Ru
Trog
Uskayaw
Vehumet

Annotations:
D:6 4 runed translucent doors, Crazy Yiuf; Necrophagist's ghost, novice HOFi
Lair:5 3 runed translucent doors, demivan's ghost, journeyman GnFi


Innate Abilities, Weirdness & Mutations

You are resistant to torment.
Your stone body is resilient. (AC +9)
You are immune to poison.
You resist negative energy. (rN+)
You are resistant to electric shocks. (rElec)
You can survive without breathing.
You are immune to petrification.
You are immune to rotting.
You have a pair of small horns on your head.
You evolve.


Message History

You are engulfed in blazing flames.
The fire crab bites you but does no damage.
The fire crab claws you.
You are engulfed in flames!
* * * LOW HITPOINT WARNING * * *
You hit the fire crab.
You headbutt the fire crab, but do no damage.
The fire crab is heavily wounded.
You are engulfed in blazing flames.
You completely miss the fire crab.
The fire crab is heavily wounded.
You are engulfed in blazing flames.
* * * LOW HITPOINT WARNING * * *
The fire crab bites you but does no damage.
The fire crab barely misses you.
You hit the fire crab.
The fire crab is severely wounded.
The fire crab bites you.
* * * LOW HITPOINT WARNING * * *
You are engulfed in flames!
You die...

*,,,,,* *,,,,,,,*,,***
**,,,,***#P...PP......#*
,,,,,,,*,#....P.......,*
,,,,,,,,,.#..........,,*
,,,,,,,,,.........#.****
,,,,,*,,,.......°..#######
*,,,,,,,,.......°°°P##...#
**,,,,,,,........°°P###..#
*,,,,,,,,..P...t@.°.P...##
,,,,,,,,,##.......°°..#.#
,,,,,,,,,*#........P.#####
,**,,,,,,...#...#....###.#
***,,,,,*..,##...#..###.##
* *,,,,**..###......###.#
****,,***,....#.........#
,,*,,,* **..............#
,,*,,,***,#...........###


You could see a fire crab.

Vanquished Creatures
  Gastronok (Lair:1)
  2 hydras (Lair:5)
  A catoblepas (Lair:5)
  Nergalle (Lair:1)
  Pikel (D:5)
  A black mamba (Lair:3)
  7 elephants
  12 spiny frogs
  2 rime drakes
  2 komodo dragons
  2 polar bears
  Prince Ribbit (D:7)
  4 hippogriffs
  4 hornets (D:8)
  3 blink frogs (Lair:5)
  27 yaks
  A wyvern (Lair:2)
  4 basilisks
  3 hungry ghosts
  A steam dragon (D:9)
  Menkaure (D:6)
  8 porcupines
  9 water moccasins
  3 orc warriors
  An ice beast (D:9)
  3 phantoms
  2 sky beasts
  3 slaves (D:5)
  A necrophage (D:9)
  4 ogres
  2 black bears
  3 wolves (Lair:2)
  5 centaurs
  8 crocodiles
  A big kobold (D:9)
  9 bullfrogs
  3 scorpions
  5 killer bees (D:8)
  7 wights
  6 howler monkeys
  7 electric eels (Lair:2)
  4 crimson imps
  2 jellies
  3 quasits
  2 gnoll shamans
  5 centaur skeletons
  3 hounds
  A bullfrog zombie (D:8)
  12 orc wizards
  6 orc priests
  2 bullfrog skeletons (D:9)
  11 worker ants
  Natasha (thrice) (D:2)
  4 iguanas
  4 hound skeletons
  24 gnolls
  A howler monkey skeleton (D:6)
  18 adders
  2 shadow imps
  2 oozes
  3 dart slugs
  10 leopard geckos
  54 orcs
  7 giant cockroaches
  10 goblins
  9 hobgoblins
  13 jackals
  7 quokkas
  5 bats
  5 frilled lizards
  A giant cockroach zombie (D:5)
  A jackal skeleton (D:5)
  27 kobolds
  A leopard gecko skeleton (D:4)
  10 rats
  A fungus (D:9)
444 creatures vanquished.

Vanquished Creatures (others)
  A bullfrog skeleton (D:5)
  2 adders (D:5)
  An orc (D:5)
  A ball python (D:5)
  A jackal (D:5)
  11 fungi
  4 plants
21 creatures vanquished.

Grand Total: 465 creatures vanquished

Notes
Turn   | Place    | Note
-------+----------+-------------------------------------------
     0 | D:1      | Froggeryz the Gargoyle Gladiator began the quest for the
                  | Orb.
     0 | D:1      | Reached XP level 1. HP: 12/12 MP: 1/1
   191 | D:1      | Reached XP level 2. HP: 9/17 MP: 2/2
   535 | D:1      | Reached skill level 4 in Maces & Flails
   698 | D:1      | Reached XP level 3. HP: 11/21 MP: 3/3
  1687 | D:2      | Noticed a phantom
  1866 | D:2      | Reached XP level 4. HP: 26/26 MP: 4/4
  1920 | D:2      | Reached skill level 5 in Maces & Flails
  1982 | D:2      | Found a sacrificial altar of Ru.
  2004 | D:2      | Noticed Natasha
  2008 | D:2      | Killed Natasha
  2008 | D:2      | Reached XP level 5. HP: 30/30 MP: 5/5
  2137 | D:2      | Noticed Natasha
  2149 | D:2      | Killed Natasha
  2296 | D:2      | Reached skill level 6 in Maces & Flails
  2568 | D:2      | Noticed Natasha
  2579 | D:2      | Killed Natasha
  3067 | D:3      | Reached XP level 6. HP: 32/35 MP: 6/6
  3411 | D:3      | Noticed a phantom
  3468 | D:2      | Killed a phantom
  3468 | D:2      | Reached skill level 7 in Maces & Flails
  3840 | D:3      | Noticed a sky beast
  3858 | D:3      | Killed a sky beast
  3858 | D:3      | Reached XP level 7. HP: 33/40 MP: 7/7
  4087 | D:3      | Reached skill level 8 in Maces & Flails
  4756 | D:4      | Found a hide-covered altar of Uskayaw.
  4767 | D:4      | Reached skill level 9 in Maces & Flails
  4934 | D:4      | Reached XP level 8. HP: 38/44 MP: 8/8
  5703 | D:5      | Entered Level 5 of the Dungeon
  5707 | D:5      | Reached skill level 10 in Maces & Flails
  6211 | D:5      | Noticed Pikel
  6279 | D:5      | Killed Pikel
  6279 | D:5      | Reached skill level 11 in Maces & Flails
  6279 | D:5      | Reached XP level 9. HP: 25/48 MP: 9/9
  6419 | D:5      | Found a radiant altar of Vehumet.
  6442 | D:5      | Got a ruby-encrusted ring mail
  6583 | D:5      | Identified the +1 ring mail of the Desolation of Salt {MR++
                  | Int+3} (You found it on level 5 of the Dungeon)
  7005 | D:6      | Reached skill level 12 in Maces & Flails
  7095 | D:6      | Found a runed translucent door.
  7096 | D:6      | Noticed Crazy Yiuf
  7155 | D:6      | Noticed Menkaure
  7166 | D:6      | Killed Menkaure
  7979 | D:6      | Found a runed translucent gate.
  7979 | D:6      | Found a runed translucent gate.
  7979 | D:6      | Found a runed translucent gate.
  7980 | D:6      | Noticed Necrophagist's ghost (novice HOFi)
  7980 | D:6      | Identified the +5 dagger "Nuajawk" {chaos, rPois rC+}
  8102 | D:7      | Noticed Prince Ribbit
  8127 | D:7      | Killed Prince Ribbit
  8127 | D:7      | Reached skill level 13 in Maces & Flails
  8247 | D:7      | Found a staircase to the Ecumenical Temple.
  8415 | Temple   | Entered the Ecumenical Temple
  8421 | Temple   | Became a worshipper of Warmaster Okawaru
  8500 | D:7      | Reached XP level 10. HP: 40/53 MP: 10/10
  8963 | D:8      | Reached skill level 14 in Maces & Flails
  8997 | D:8      | Reached * piety under Okawaru
  9176 | D:8      | Found a radiant altar of Vehumet.
  9177 | D:8      | Found a burning altar of Makhleb.
  9898 | D:8      | Reached ** piety under Okawaru
 10325 | D:9      | Found a snail-covered altar of Cheibriados.
 10406 | D:9      | Reached *** piety under Okawaru
 10427 | D:9      | Reached skill level 5 in Fighting
 10457 | D:8      | Reached skill level 15 in Maces & Flails
 10713 | D:9      | Found a staircase to the Lair.
 10941 | D:9      | Reached XP level 11. HP: 64/64 MP: 11/11
 12001 | Lair:1   | Entered Level 1 of the Lair of Beasts
 12080 | Lair:1   | Reached **** piety under Okawaru
 12336 | Lair:1   | Noticed Nergalle
 12347 | Lair:1   | Killed Nergalle
 12640 | Lair:1   | Noticed Gastronok
 12701 | Lair:1   | Gained mutation: You possess an exceptional clarity of
                  | mind. [potion of mutation]
 12701 | Lair:1   | Gained mutation: You have a pair of small horns on your
                  | head. [potion of mutation]
 12701 | Lair:1   | Lost mutation: You possess an exceptional clarity of mind.
                  | [potion of mutation]
 12701 | Lair:1   | Gained mutation: You evolve. [potion of mutation]
 12716 | Lair:1   | Killed Gastronok
 12716 | Lair:1   | Reached ***** piety under Okawaru
 12716 | Lair:1   | Reached skill level 16 in Maces & Flails
 13103 | Lair:2   | Found a hide-covered altar of Uskayaw.
 13281 | Lair:2   | Reached XP level 12. HP: 64/76 MP: 12/12
 13282 | Lair:2   | Found a staircase to the Snake Pit.
 13331 | Lair:2   | Found a staircase to the Swamp.
 13573 | Lair:2   | Reached skill level 10 in Fighting
 14048 | Lair:2   | Received a gift from Okawaru
 14063 | Lair:2   | Reached skill level 1 in Shields
 14246 | Lair:2   | Gained mutation: You tend to lose your temper in combat.
                  | [evolution]
 14576 | Lair:3   | Reached skill level 5 in Shields
 16571 | Lair:5   | Noticed a five-headed hydra
 16663 | Lair:5   | Found a runed translucent gate.
 16664 | Lair:5   | Found a runed translucent gate.
 16665 | Lair:5   | Found a runed translucent gate.
 16673 | Lair:5   | Noticed a five-headed hydra
 16687 | Lair:5   | Killed a five-headed hydra
 16792 | Lair:5   | Lost mutation: You tend to lose your temper in combat.
                  | [evolution]
 16804 | Lair:5   | Noticed a five-headed hydra
 16840 | Lair:5   | Killed a five-headed hydra
 16840 | Lair:5   | Reached skill level 10 in Shields
 16840 | Lair:5   | Reached XP level 13. HP: 31/83 MP: 13/13
 16903 | Lair:5   | Noticed demivan's ghost (journeyman GnFi)
 17258 | Lair:6   | Entered Level 6 of the Lair of Beasts
 17325 | Lair:5   | HP: 4/83 [catoblepas (9)]
 17338 | Lair:5   | Reached ****** piety under Okawaru
 17686 | Lair:6   | Received a gift from Okawaru
 17741 | Lair:6   | Got a steaming ring mail {god gift}
 17743 | Lair:6   | Identified the +0 ring mail "Puast" {rElec} (Okawaru gifted
                  | it to you on level 6 of the Lair of Beasts)
 17857 | Lair:6   | Reached skill level 1 in Armour
 18061 | Lair:6   | Slain by a fire crab

Levels and vault maps discovered:
D:1:      eino_arrival_cavern_a, layout_loops_ring, hangedman_glass_teeth,
          minmay_misc_feat_alley, minmay_split_cup_small
D:2:      layout_basic, hangedman_ru_absence, uniq_natasha
D:3:      layout_loops_ring, first_ration, minmay_pentomino_pile
D:4:      layout_loops_ring, eat_drink_and_be_merry_uskayaw, minmay_crystal_room
D:5:      layout_loops_ring, minmay_ruined_shrine, uniq_pikel
D:6:      layout_loops_ring, gammafunk_ghost_nasty_kobolds,
          mrwooster_statue_mirror, kennysheep_crisscross,
          uniq_crazy_yiuf_cottage, uniq_menkaure
D:7:      layout_loops_ring, minmay_temple_entry_waves, uniq_prince_ribbit1
D:8:      layout_basic, grunt_temple_overflow_lords_of_destruction,
          serial_glass, glass_columns_a, glass_columns_a,
          hangedman_pestilent_swarm, nicolae_underground_beach
D:9:      layout_basic, due_lair_maze_entry_diamond, basic_altar
Temple:   eino_narrow_crystal_temple
Lair:1:   layout_roguey, uniq_nergalle, uniq_gastronok
Lair:2:   layout_roguey, minmay_swamp_entry_eels, dummy_snake_entry,
          lemuel_altar_in_water2, serial_bayou_shore_a, grunt_megastairs_2,
          serial_bayou_shore_b
Lair:3:   layout_misc_corridors
Lair:4:   layout_cave_pods
Lair:5:   layout_cave_shapes, gammafunk_ghost_split
Lair:6:   hangedman_lair_caniforms_friends, layout_layer_cave, slime_altar_1,
          grunt_megastairs_5

Skill      XL: |  1  2  3  4  5  6  7  8  9 10 11 12 13 |
---------------+----------------------------------------+-----
Maces & Flails | 4 5 6 7 9 11 13 15 16 | 16.2
Fighting       | 5 9 10 | 10.6
Shields        | 10 11 | 11.5
Armour         | 3 |  3.7
Throwing       | |  1.7
Dodging        | |  2.4

Action                   |  1- 3 |  4- 6 |  7- 9 | 10-12 | 13-15 || total
-------------------------+-------+-------+-------+-------+-------++-------
Melee: Flail             |   198 |   212 |    94 |       |       ||   504
       Whip              |       |       |   740 |  1349 |   234 ||  2323
       Headbutt          |       |       |       |   150 |    74 ||   224
       Punch             |       |       |       |     1 |       ||     1
       Morningstar       |       |       |       |       |    15 ||    15
Throw: Throwing net      |       |       |     4 |       |       ||     4
       Dart              |       |       |     2 |    10 |       ||    12
Invok: Heroism           |       |       |       |     1 |       ||     1
Evoke: Wand              |       |       |       |     7 |     2 ||     9
  Use: Potion            |       |       |     5 |     9 |     3 ||    17
       Scroll            |       |       |     3 |     1 |    11 ||    15
 Stab: Held in net/web   |       |       |     2 |       |       ||     2
  Eat: Chunk             |     3 |     7 |    15 |    26 |     2 ||    53
       Ration            |       |       |       |     1 |     1 ||     2
Armor: Leather armour    |    75 |       |       |       |       ||    75
       Ring mail         |    18 |   100 |   273 |   547 |    95 ||  1033
       Skin              |       |       |       |     1 |       ||     1
Dodge: Dodged            |   169 |   113 |   295 |   444 |    57 ||  1078
Block: Buckler           |       |       |       |    31 |    37 ||    68
       Reflection        |       |       |       |       |     1 ||     1
